 Dungeon Crawl Stone Soup version 0.31.0-12-g77e489cdc1 (webtiles) character file.

Game seed: 9544370801134840069

1323 sking99 the Frost Mage (level 8, -1/67 HPs)
             Began as a Ghoul Ice Elementalist on Feb 23, 2024.
             Slain by an orc
             ... wielding a +0 trident
              (3 damage)
             ... on level 5 of the Dungeon.
             The game lasted 00:18:41 (6377 turns).

sking99 the Frost Mage (Ghoul Ice Elementalist)     Turns: 6377, Time: 00:18:43

Health: -1/67      AC:  2    Str: 14    XL:     8   Next: 59%
Magic:  7/14       EV: 12    Int: 20    God:
Gold:   255        SH:  0    Dex:  9    Spells: 5/15 levels left

rFire   . . .        c - +0 whip (flame)
rCold   + . .        (no shield)
rNeg    + + +        a - +0 robe
rPois   ∞            (no helmet)
rElec   .            (no cloak)
rCorr   .            (no gloves)
SInv    .            (no boots)
Will    .....        (no amulet)
Stlth   ++           i - +6 ring of intelligence
HPRegen 0.00/turn    (no ring)
MPRegen 0.14/turn

%: no passive effects
@: inhibited regen
A: claws 1, cold resistance 1, negative energy resistance 3, inhibited
regeneration, torment resistance 2, devour on kill
a: no special abilities


You were on level 5 of the Dungeon.
You visited 1 branch of the dungeon, and saw 5 of its levels.
You also visited: Sewer and Ossuary.

You collected 255 gold pieces.

Inventory:

Hand Weapons
 c - a +0 whip of flaming (weapon)
Armour
 a - a +0 robe (worn)
 o - a +0 pair of boots
 t - a +1 hat
 y - a scarf of invisibility
Jewellery
 i - a +6 ring of intelligence (left claw)
 p - a ring of ice
Wands
 k - a wand of iceblast (6)
 m - a wand of polymorph (23)
 w - a wand of mindburst (9)
Scrolls
 d - a scroll of fear
 e - 3 scrolls of summoning
 h - a scroll of teleportation
 j - 4 scrolls of poison
 r - a scroll of brand weapon
 s - a scroll of immolation
Potions
 b - 3 potions of enlightenment
 f - 3 potions of brilliance
 g - a potion of curing
 l - 4 potions of mutation
 n - 2 potions of heal wounds {unknown}
 q - a potion of attraction {unknown}
 u - a potion of cancellation {unknown}
 v - 2 potions of magic
 x - 2 potions of haste {unknown}
 z - a potion of resistance {unknown}
 A - 2 potions of invisibility {unknown}
 B - a potion of might {unknown}


   Skills:
 + Level 4.9 Fighting
 - Level 1.7 Dodging
 - Level 2.1 Stealth
 + Level 4.2 Spellcasting
 + Level 2.9 Summonings
 * Level 8.7 Ice Magic


You had 5 spell levels left.
You knew the following spells:

 Your Spells              Type           Power      Damage    Failure   Level
a - Freeze                Ice            100%       1d10      1%          1
b - Frozen Ramparts       Ice            78%        1d12      1%          3
c - Ozocubu's Armour      Ice            39%        N/A       1%          3
d - Summon Ice Beast      Ice/Summ       27%        N/A       3%          3

Your spell library contained the following spells:

 Spells                   Type           Power      Damage    Failure   Level
 Ensorcelled Hibernation  Hex/Ice        42%        N/A       3%          2
 Passwall                 Erth           4%         N/A       36%         3
 Swiftness                Air            4%         N/A       36%         3


Dungeon Overview and Level Annotations

Branches:
Dungeon (5/15)              Sewer (visited)         Ossuary (visited)
 Temple: D:4-7

Altars:
Gozag
Makhleb

Shops:
D:1 [[(=   D:3 *

Annotations:
D:5 Pikel


Innate Abilities, Weirdness & Mutations

You are immune to poison.
You have sharp fingernails.
Your flesh is cold resistant. (rC+)
You are immune to negative energy. (rN+++)
You do not regenerate when monsters are visible.
You are immune to unholy pain and torment.
You thrive by killing the living.


Message History

Your adder poisons the bombardier beetle!
Your gnoll hits the bombardier beetle but does no damage.
Your gnoll waves at you.
The orc barely misses you. The wight hits you but does no damage.
You swap places.
An orc comes into view. It is wielding a +0 trident.
Found a glowing scarf.
You shake off the liquid fire.
The orc shouts!
Your hound bites the orc.
Your adder bites the bombardier beetle but does no damage.
The bombardier beetle closely misses you.
Your gnoll hits the bombardier beetle from afar with a +0 spear.
Your gnoll hits the bombardier beetle with a +0 club.
The orc hits your gnoll with a +0 vampiric dagger.
Your hound bites the orc.
The orc dies!
The wight hits your gnoll with a +2 dagger.
Your gnoll closely misses the wight.
You swap places.
An adder comes into view.
The adder hisses angrily.
Your adder bites the bombardier beetle.
The bombardier beetle dies!
You see here a scarf of invisibility.
y - a scarf of invisibility An orc comes into view.
It is wielding a +0 flail.
Something hits your gnoll.
An orc comes into view. It is wielding a +0 hand axe of venom.
Pikel waves his whip at you. Something barely misses your gnoll.
The adder bites your hound. The adder bites your hound.
The orc wizard misses your gnoll. Something hits your gnoll!
The adder misses your hound.
The orc wizard hits your gnoll with a +0 dagger.
Something hits your gnoll!
Your gnoll dies!
Your gnoll's corpse dissolves into shadows!
The orc hits you from afar with a +0 trident.
You die...

... #......
..####.<.....
...........
........# .
#.......#.. ..##
#...)......
....o##oSg.......
#....5Ko.hg......
# .....#'#@S.##...
#.... #z#...###
#....###z###....
#o)o).o..+....#
##)###)###....#
.###...#.#...#..#
........#'#...#..#
..:............#
..
............#####


You could see Pikel, a lemure, an orc wizard, an adder, 2 orcs, a friendly hound
(summoned), 2 friendly gnolls and a friendly adder (summoned).

Vanquished Creatures
  Duvessa (D:5)
  A lemure (D:5)
  2 weeping skulls (Ossuary)
  2 brain worms (Sewer)
  A scorpion (D:5)
  Dowan (D:5)
  A howler monkey (D:5)
  A human zombie (Ossuary)
  A jelly (D:4)
  2 bombardier beetles (D:4)
  4 orc priests
  2 hounds
  3 iguanas
  An orc wizard (D:5)
  5 mummies (Ossuary)
  Robin (D:2)
  10 adders
  4 river rats
  4 ribbon worms
  2 dart slugs
  17 orcs
  13 ball pythons
  6 endoplasms
  6 giant cockroaches
  3 gnoll zombies (Ossuary)
  15 goblins
  8 hobgoblins
  7 jackals
  11 kobolds
  7 quokkas
  6 bats
  8 frilled lizards
  A kobold zombie (Ossuary)
  3 orc zombies (Ossuary)
  12 rats
172 creatures vanquished.

Vanquished Creatures (collateral kills)
  A bombardier beetle (D:5)
  An orc (D:5)
2 creatures vanquished.

Grand Total: 174 creatures vanquished

Notes
Turn   | Place    | Note
-------+----------+-------------------------------------------
     0 | D:1      | sking99 the Ghoul Ice Elementalist began the quest for the
                  | Orb.
     0 | D:1      | Reached XP level 1. HP: 14/14 MP: 3/3
    73 | D:1      | Found Puimen's Antique Armour Shoppe.
   116 | D:1      | Found Niakut's Antique Weapon Boutique.
   187 | D:1      | Found Huso Duy's Antique Armour Shoppe.
   230 | D:1      | Reached XP level 2. HP: 22/22 MP: 2/4
   324 | D:1      | Noticed a golden eye
   342 | D:1      | Reached skill level 1 in Fighting
   356 | D:1      | HP: 1/23 [jackal (3)]
   471 | D:1      | Found a faded altar of an unknown god.
   475 | D:1      | Noticed a great orb of eyes
   475 | D:1      | Noticed a glass eye
   475 | D:1      | Noticed an eye of devastation
   797 | D:1      | Reached XP level 3. HP: 24/28 MP: 2/6
   932 | D:1      | Found Giuna's Jewellery Shoppe.
  1008 | D:2      | Reached skill level 5 in Ice Magic
  1185 | D:1      | Learned a level 3 spell: Frozen Ramparts
  1306 | D:2      | Noticed Robin
  1361 | D:2      | Killed Robin
  1362 | D:2      | Reached XP level 4. HP: 30/36 MP: 2/7
  2049 | D:3      | Found a burning altar of Makhleb.
  2070 | D:3      | Found an opulent altar of Gozag.
  2070 | D:3      | Found Gozag's Platinum Reserve.
  2190 | D:3      | Reached XP level 5. HP: 37/41 MP: 4/8
  2222 | D:3      | Reached skill level 6 in Ice Magic
  2483 | D:3      | Found a glowing drain.
  2495 | Sewer    | Entered a sewer
  2790 | Sewer    | Reached XP level 6. HP: 44/50 MP: 5/10
  3099 | Sewer    | Learned a level 3 spell: Ozocubu's Armour
  3103 | Sewer    | Learned a level 3 spell: Summon Ice Beast
  3675 | D:3      | Reached XP level 7. HP: 57/57 MP: 5/11
  3927 | D:3      | Reached skill level 7 in Ice Magic
  3960 | D:4      | Reached skill level 1 in Summonings
  5559 | D:5      | Entered Level 5 of the Dungeon
  5687 | D:5      | Noticed Duvessa
  5687 | D:5      | Noticed Dowan
  5698 | D:5      | Killed Duvessa
  5699 | D:5      | Reached XP level 8. HP: 66/66 MP: 6/13
  5701 | D:5      | Killed Dowan
  5702 | D:5      | Reached skill level 8 in Ice Magic
  5717 | D:5      | Found a sand-covered staircase.
  5728 | Ossuary  | Entered an ossuary
  6368 | D:5      | Noticed Pikel
  6368 | D:5      | HP: 2/67 [wight/+2 dagger (8)]
  6377 | D:5      | Slain by an orc

Illustrated notes

Levels and vault maps discovered:
D:1:      co_arrival_random_square_maze, layout_basic, serial_shops,
          nicolae_shop_stone, shop, shop, shop,
          hellmonk_ecumenical_altar_watching_god
D:2:      layout_rooms, minmay_vboxes, uniq_robin
D:3:      layout_loops_cross, bloody_makhleb, nicolae_gozag_zags_fifth_avenue,
          portal_sewer_entry_e, serial_forest, infiniplex_forest_clump_medium,
          infiniplex_forest_lined_room_3, infiniplex_forest_corner_1,
          infiniplex_forest_end_1, infiniplex_forest_clump_cross,
          infiniplex_forest_clump_tiny, st_stairs_2
D:4:      layout_basic, chequers_avenue
D:5:      layout_layer_cave, lemuel_coloured_pillars_altar,
          nicolae_ossuary_entry_plus, uniq_pikel, uniq_duvessa

Skill      XL: |  1  2  3  4  5  6  7  8 |
---------------+-------------------------+-----
Spellcasting   | 2 3 4 |  4.2
Fighting       | 1 2 3 4 |  4.9
Ice Magic      | 5 6 7 8 |  8.7
Summonings     | 2 |  2.9
Dodging        | |  1.7
Stealth        | |  2.1

Action                     |  1- 3 |  4- 6 |  7- 9 || total
---------------------------+-------+-------+-------++-------
  Melee: Unarmed           |     1 |       |       ||     1
         Whip              |    16 |    70 |    54 ||   140
         Punch             |       |     2 |       ||     2
   Cast: Freeze            |    55 |   106 |    98 ||   259
         Frozen Ramparts   |     2 |     4 |    12 ||    18
         Ozocubu's Armour  |       |     1 |     3 ||     4
         Summon Ice Beast  |       |       |     1 ||     1
    Use: Potion            |     2 |       |     1 ||     3
         Scroll            |       |     3 |     9 ||    12
 Armour: Robe              |    44 |    48 |    85 ||   177
  Dodge: Dodged            |    38 |    60 |    77 ||   175
